[Event "Late-Titled-Tuesday-Blitz-May-07-2024"]
[Site "Chess.com"]
[Date "2024.05.07"]
[Round "6"]
[White "Hikaru"]
[Black "baki83"]
[Result "1-0"]
[WhiteElo "3218"]
[BlackElo "2932"]
[TimeControl "180+1"]
[EndTime "15:05:44 PDT"]
[Termination "Hikaru won by resignation"]

1. h4 d5 2. d4 Nf6 3. Nf3 e6 4. h5 h6 5. Bf4 b6 6. e3 Bd6 7. Ne5 Bb7 8. Nd2 a6 9. Qf3 c5 10. Qg3 Rg8 11. dxc5 Bxc5 12. Bd3 Nc6 13. Ndf3 Nxe5 14.
Nxe5 Qe7 15. c3 Nd7 16. Bh7 Rh8 17. Qxg7 O-O-O 18. Nxd7 Kxd7 19. b4 Bd6 20. Bxd6 Kxd6 21. Qg3+ Kd7 22. Bd3 Rc8 23. Qe5 Rhg8 24. Qd4 Rc6 25. b5 Rc5 26. bxa6 Ba8 27. g3 e5 28.
Qb4 Kc7 29. Rb1 Qd6 30. Rh4 d4 31. cxd4 exd4 32. Rxd4 Qc6 33. Be4 Rc1+ 1-0

[Event "Late-Titled-Tuesday-Blitz-May-07-2024"]
[Site "Chess.com"]
[Date "2024.05.07"]
[Round "6"]
[White "gabduschew"]
[Black "wild3000"]
[Result "0-1"]
[WhiteElo "2428"]
[BlackElo "2490"]
[TimeControl "180+1"]
[EndTime "15:05:44 PDT"]
[Termination "wild3000 won by resignation"]

1. e4 e6 2. d3 c5 3. Nf3 Nc6 4. Nbd2 d5 5. g3 Nf6 6. c3 Be7 7. Bg2 O-O 8. O-O b5 9. h4 b4 10. Re1 bxc3 11. bxc3 Ba6 12. e5 Bxd3 13. exf6 Bxf6 14. Nb3 c4 15. Nbd4 Nxd4 16. Nxd4 Qa5 17. Bd2 Rab8 18. Bf1 Bxf1 19. Kxf1 Rb2 20. a4 Bxd4 21.
cxd4 Rxd2 22. Qg4 Qc3 23. Rab1 Qd3+ 24. Kg2 Qxd4 25. Qf3 c3 26. Rb7 c2 27. Rc7 Qxa4 28. Qe3 Rd1 29. Re2 d4 30. Qg5 d3 31. Rxe6 c1=Q 32. Rxc1 Rxc1 33. Qxc1 fxe6 0-1

[Event "Late-Titled-Tuesday-Blitz-May-07-2024"]
[Site "Chess.com"]
[Date "2024.05.07"]
[Round "6"]
[White "Bryanl106"]
[Black "Dedic8"]
[Result "0-1"]
[WhiteElo "2703"]
[BlackElo "2876"]
[TimeControl "180+1"]
[EndTime "15:05:50 PDT"]
[Termination "Dedic8 won by resignation"]

1. e4 c5 2. Nf3 Nc6 3. d4 cxd4 4. Nxd4 e6 5. Nc3 Nf6 6. Ndb5 d6 7. Bf4 e5 8. Bg5 a6 9. Na3 b5 10. Nd5 Be7 11. Bxf6 Bxf6 12. c3 Bg5 13. Nc2 Rb8 14. a4 bxa4 15. Ncb4 Nxb4 16. Nxb4 Bd7 17. Bxa6 O-O 18.
O-O Rb6 19. Bc4 Kh8 20. Qe2 g6 21. Rfd1 Qb8 22. Bd3 Qb7 23. Bc4 Kg7 24. Rd3 Rb8 25. Rad1 Be7 26. Qf3 Be8 27. g3 h5 28. Kg2 h4 29. Qg4 Bd7 30. Qf3 Be8 31. Qg4 f5 32. Qe2 Qxe4+ 33. Qxe4 fxe4 34. Re3 Rxb4 35. cxb4 Rxb4 36.
Bd5 Rxb2 37. Rxe4 h3+ 38. Kxh3 Rxf2 39. Ra1 Rd2 40. Be6 Bc6 41. Raxa4 Bxe4 42. Rxe4 Kf6 43.
Bb3 d5 44. Re1 e4 45. Kg4 Ke5 46. h4 d4 47. Ba4 e3 48. Bc6 Bc5 49. Rc1 Kd6 50.
Bf3 d3 51. Kf4 e2 52. Ke4 Bf2 53. g4 Bxh4 54. Ke3 e1=Q+ 55. Rxe1 Bxe1 0-1

[Event "Late-Titled-Tuesday-Blitz-May-07-2024"]
[Site "Chess.com"]
[Date "2024.05.07"]
[Round "6"]
[White "PapaieDudu"]
[Black "HajiyevKanan"]
[Result "1-0"]
[WhiteElo "2368"]
[BlackElo "2551"]
[TimeControl "180+1"]
[EndTime "15:05:53 PDT"]
[Termination "PapaieDudu won by checkmate"]

1. Nf3 d5 2. d4 c5 3. dxc5 Nc6 4. c4 d4 5. e3 e5 6. exd4 e4 7. Ne5 Nxd4 8. Be3 Bxc5 9. Nc3 Nf6 10. b4 Nf3+ 11. gxf3 Qxd1+ 12. Kxd1 Bxb4 13. Nxe4 Nxe4 14. fxe4 Bc3 15. Nd3 Bxa1 16. e5 Bg4+ 17. Be2 Be6 18. Kc2 Bxe5 19. Nxe5 f6 20. Nf3 Rc8 21. c5 a6 22. Nd4 Bxa2 23. Nf5 Kf8 24. Rg1 g6 25. Bh6+ Kf7 26. Nd6+ Ke6 27. Nxc8 Rxc8 28. Be3 Bd5 29. Kb2 a5 30. Rd1 a4 31. Bb5 Ra8 32. Ka3 Bb3 33.
Rd6+ Ke5 34. Bd3 f5 35. f4# 1-0

[Event "Late-Titled-Tuesday-Blitz-May-07-2024"]
[Site "Chess.com"]
[Date "2024.05.07"]
[Round "6"]
[White "Chessbard1972"]
[Black "VictorFcQNK"]
[Result "1-0"]
[WhiteElo "2332"]
[BlackElo "2100"]
[TimeControl "180+1"]
[EndTime "15:05:53 PDT"]
[Termination "Chessbard1972 won on time"]

1. e4 e6 2. Nf3 d5 3. e5 c5 4. g3 Nc6 5. Bg2 Nh6 6. O-O b6 7. d3 Nf5 8. Re1 Be7 9. c3 O-O 10. h4 Bb7 11. Bf4 Rc8 12. Nbd2 a6 13. Nf1 b5 14. Qe2 d4 15. Rad1 Qa5 16. c4 bxc4 17. dxc4 Qxa2 18. Ra1 Qb3 19. N1d2 Qb6 20. Ne4 Nb4 21.
h5 d3 22. Qd2 Nc2 23. h6 Nxa1 24.
hxg7 Rfd8 25. g4 Nc2 26. gxf5 Nxe1 27. Nxe1 Bxe4 28. f6 Rd7 29. Bxe4 Bd8 30. Nxd3 Bc7 31. Qe2 Rdd8 32. Bxh7+ 1-0

[Event "Late-Titled-Tuesday-Blitz-May-07-2024"]
[Site "Chess.com"]
[Date "2024.05.07"]
[Round "6"]
[White "bascheyaro"]
[Black "CarrotsandPizza"]
[Result "1-0"]
[WhiteElo "2829"]
[BlackElo "2585"]
[TimeControl "180+1"]
[EndTime "15:05:55 PDT"]
[Termination "bascheyaro won by resignation"]

1. d4 Nf6 2. c4 g6 3. Nf3 Bg7 4. Nc3 d6 5. Bf4 O-O 6. e3 Nbd7 7. Be2 a6 8. h3 c6 9. O-O b5 10. Rc1 bxc4 11. Bxc4 c5 12. Qe2 Nb6 13. Bd3 cxd4 14. exd4 Bb7 15. Rfe1 Re8 16. Bg5 Nbd5 17. Nxd5 Nxd5 18.
Bc4 h6 19. Bh4 Qb6 20. b3 Rac8 21. Bg3 Rc7 22. Qe4 Rec8 23. Bxd5 Rxc1 24. Bxb7 Rxe1+ 25. Nxe1 Rc1 26. Qxe7 Rxe1+ 27. Qxe1 Qxb7 28. Qe8+ Kh7 29. Qa4 Bf8 30. d5 Qxd5 31. Qxa6 h5 32. Qc4 Qd1+ 33.
Kh2 d5 34. Qc7 Kg8 35. Qb8 Kh7 36. Qxf8 Qf3 37. gxf3 1-0

[Event "Late-Titled-Tuesday-Blitz-May-07-2024"]
[Site "Chess.com"]
[Date "2024.05.07"]
[Round "6"]
[White "only_strong_moves"]
[Black "Nadtkins"]
[Result "1-0"]
[WhiteElo "2697"]
[BlackElo "2528"]
[TimeControl "180+1"]
[EndTime "15:05:55 PDT"]
[Termination "only_strong_moves won on time"]

1. Nc3 d5 2. e4 d4 3. Nce2 e5 4. c3 c5 5. Ng3 Be6 6. Bb5+ Nd7 7. Nf3 f6 8. d3 Ne7 9. O-O a6 10. Ba4 h5 11. Nh4 g5 12. Bxd7+ Qxd7 13. Nxh5 Kf7 14. Nxf6 Kxf6 15. Qf3+ Kg7 16. Bxg5 Ng8 17. Qg3 Kh7 18. Bf6 Qf7 19. Bxh8 Kxh8 20. Ng6+ Kh7 21. Nxe5 Qh5 22. f4 Bd6 23. cxd4 cxd4 24. Rac1 Nf6 25. Nf3 Rg8 26. Ng5+ Rxg5 27. Qxg5 Qxg5 28. fxg5 Ng4 29. h3 Ne5 30. Rf6 Nxd3 31. Rd1 Nxb2 32. Rxe6 Bc5 33. Rb1 d3+ 34. Kh1 d2 35. Re5 Be3 36. Rd5 1-0

[Event "Late-Titled-Tuesday-Blitz-May-07-2024"]
[Site "Chess.com"]
[Date "2024.05.07"]
[Round "6"]
[White "KNVB"]
[Black "Annawel"]
[Result "0-1"]
[WhiteElo "2804"]
[BlackElo "3006"]
[TimeControl "180+1"]
[EndTime "15:05:58 PDT"]
[Termination "Annawel won by checkmate"]

1. a4 a5 2. Ra3 Ra6 3. Nf3 Nf6 4. e3 Ra8 5. Ra1 e6 6. b3 b6 7. Bb2 Bb7 8. d3 d6 9. Nbd2 Nbd7 10. g3 g6 11. Bg2 Bg7 12. O-O O-O 13. Re1 Re8 14. Qe2 Qe7 15. h3 h6 16. Rad1 Rad8 17. Ba1 Ba8 18. Kh2 Kh7 19. Qf1 Qf8 20. Qh1 Qh8 21. Kg1 Kg8 22. Rb1 Rb8 23. Red1 Red8 24. Rf1 Rf8 25. Kh2 Kh7 26. Kg1 Kg8 27. Kh2 Rfc8 28. Rfc1 Kh7 29. Kg1 Nd5 30. Nd4 Nc5 31. Nc4 Nb4 32. Bxa8 Rxa8 33. Nc6 Bxa1 34. Nxb4 axb4 35.
Rxa1 b5 36. d4 bxc4 37. dxc5 dxc5 38. Qc6 Qe5 39. a5 Ra7 40. a6 Qd6 41. Qxd6 cxd6 42. Ra5 Rc6 43. Rca1 cxb3 44. cxb3 Kg7 45. Kf1 Kf6 46.
Ke2 Ke7 47. Kd3 Kd7 48. e4 d5 49. f4 Kc7 50. h4 Kb6 51. exd5 exd5 52. R5a2 Re6 53. h5 gxh5 54. Rh2 Rae7 55. Rxh5 Re3+ 56. Kd2 Re2+ 57. Kc1 Re1+ 58. Kb2 R7e2# 0-1

[Event "Late-Titled-Tuesday-Blitz-May-07-2024"]
[Site "Chess.com"]
[Date "2024.05.07"]
[Round "6"]
[White "moro182"]
[Black "Franmu14"]
[Result "1-0"]
[WhiteElo "2886"]
[BlackElo "2744"]
[TimeControl "180+1"]
[EndTime "15:06:02 PDT"]
[Termination "moro182 won on time"]

1. d4 d5 2. Bf4 e6 3. e3 Nf6 4. Nf3 Bd6 5. Nbd2 O-O 6. Bd3 c5 7. dxc5 Bxc5 8. O-O Nc6 9. c3 Re8 10. e4 h6 11. h3 e5 12. Bg3 dxe4 13. Nxe4 Nxe4 14.
Bxe4 Qxd1 15. Raxd1 f6 16. b4 Bb6 17. a4 a5 18. b5 Nd8 19. Nh4 Be6 20. Nf5 Bxf5 21.
Bxf5 Ne6 22. Bxe6+ Rxe6 23. Rd7 Rb8 24. Rfd1 Ree8 25. Kf1 Red8 26. Ke2 Rxd7 27. Rxd7 Bc5 28. f3 b6 29. Rc7 Rd8 30. Rc6 Kf7 31. Bf2 Bxf2 32.
Kxf2 Rd2+ 33. Ke3 Ra2 34. Rxb6 Rxa4 35. Ra6 Rc4 36. Kd3 Rc5 37. c4 g5 38. g4 Ke7 39.
Rxa5 Rc8 40. Ra7+ Kd6 41. Ra6+ Kc5 42. Kc3 1-0

[Event "Late-Titled-Tuesday-Blitz-May-07-2024"]
[Site "Chess.com"]
[Date "2024.05.07"]
[Round "6"]
[White "1800_strength"]
[Black "ChadBiryani"]
[Result "0-1"]
[WhiteElo "2765"]
[BlackElo "2546"]
[TimeControl "180+1"]
[EndTime "15:06:06 PDT"]
[Termination "ChadBiryani won on time"]

1. a4 e6 2. Ra3 Bxa3 3. Nxa3 Nf6 4. b3 d5 5. Bb2 O-O 6. g3 c6 7. Bg2 b6 8. e3 Bb7 9. Ne2 Nbd7 10. O-O e5 11. h3 Re8 12. f4 Qc7 13. Qa1 Re7 14. g4 Rae8 15. Qe1 d4 16. fxe5 Nxe5 17. Nxd4 c5 18.
Nf5 Rd7 19. Nb5 Qb8 20. Bxb7 Qxb7 21. Qg3 Ne4 22. Qf4 Ng6 23. Qf3 Rxd2 24. Nxg7 Re7 25. Nf5 Red7 26. Nc3 Qb8 27. Qh1 Ng3 28. Nh6+ Kf8 29.
Qf3 Nf5 30. Qh1 Nxe3 0-1

[Event "Late-Titled-Tuesday-Blitz-May-07-2024"]
[Site "Chess.com"]
[Date "2024.05.07"]
[Round "6"]
[White "Stanbad1"]
[Black "Denisenko_Denis"]
[Result "0-1"]
[WhiteElo "2614"]
[BlackElo "2416"]
[TimeControl "180+1"]
[EndTime "15:06:07 PDT"]
[Termination "Denisenko_Denis won by resignation"]

1. d4 d5 2. c4 c6 3. cxd5 cxd5 4. Bf4 Nf6 5. e3 Nc6 6. Nc3 Bg4 7. Qb3 Na5 8. Qa4+ Bd7 9. Bb5 e6 10. Nf3 a6 11. Bxd7+ Nxd7 12. Ne5 b5 13. Qc2 Nxe5 14. Bxe5 Rc8 15. Qd3 Nc4 16. Rb1 Bb4 17. O-O O-O 18. Rfc1 Qd7 19. Bg3 Rc6 20. Ne2 Rfc8 21. h3 h6 22. b3 Nd2 23. Rxc6 Rxc6 24. Rd1 Ne4 25. Be5 Qc8 26. a4 Nc3 27. Nxc3 Rxc3 28. Qe2 Rxb3 29. axb5 axb5 30. Qxb5 Qc2 31. Qe8+ Bf8 32. Ra1 Rb1+ 33. Rxb1 Qxb1+ 34. Kh2 Qb6 35. Qc8 f6 36.
Bc7 Qc6 37. Qd8 Kf7 38. Bg3 Qe8 39. Qc7+ Qe7 40. Qf4 Qd7 41. Qg4 Bd6 42. h4 Bxg3+ 43. Qxg3 Qe7 44. Qb8 Kg6 45. g3 e5 46. Qb1+ Kf7 47. Qa2 Qe6 48. Qa7+ Kg6 49. Kg2 exd4 50. Qxd4 Qe4+ 51. f3 Qxd4 52. exd4 Kf5 53. Kf2 h5 54. Ke3 g5 55. Ke2 gxh4 56. gxh4 Kf4 57. Kf2 f5 58. Ke2 Kg3 59. Ke3 f4+ 60. Ke2 Kxh4 61. Kf2 Kh3 62. Kg1 Kg3 0-1

[Event "Late-Titled-Tuesday-Blitz-May-07-2024"]
[Site "Chess.com"]
[Date "2024.05.07"]
[Round "6"]
[White "1g60-1"]
[Black "rhwr"]
[Result "0-1"]
[WhiteElo "2426"]
[BlackElo "2284"]
[TimeControl "180+1"]
[EndTime "15:06:08 PDT"]
[Termination "rhwr won by checkmate"]

1. Nf3 Nf6 2. e3 g6 3. c4 Bg7 4. Nc3 O-O 5. d4 d6 6. Be2 Nbd7 7. O-O c6 8. b3 e5 9. Bb2 e4 10. Nd2 d5 11. cxd5 cxd5 12. Rc1 a6 13. Na4 b5 14.
Nc5 Ne8 15. f3 Nxc5 16. Rxc5 Nf6 17. fxe4 dxe4 18. Qc2 Bf5 19. a4 bxa4 20. bxa4 h5 21. Ba3 Re8 22. Nc4 Nd5 23. Rxd5 Qxd5 24. Nb6 Qb7 25.
Nxa8 Rxa8 26. Rb1 Qd7 27. Qb3 Bh6 28. Bc4 h4 29. h3 Bxh3 30. gxh3 Qxh3 31. Bxf7+ Kh8 32.
Re1 Qg3+ 33. Kf1 h3 34. Qd5 Qg2# 0-1

[Event "Late-Titled-Tuesday-Blitz-May-07-2024"]
[Site "Chess.com"]
[Date "2024.05.07"]
[Round "6"]
[White "BabageldiAnnaberdiyev"]
[Black "ameetghasi100"]
[Result "0-1"]
[WhiteElo "2571"]
[BlackElo "2801"]
[TimeControl "180+1"]
[EndTime "15:06:09 PDT"]
[Termination "ameetghasi100 won on time"]

1. e4 g6 2. d4 Bg7 3. Nc3 d6 4. f4 Nf6 5. Nf3 O-O 6. e5 Ne8 7. h4 c5 8. h5 cxd4 9. Qxd4 Nc6 10. Qf2 dxe5 11. hxg6 fxg6 12. Bc4+ e6 13. Rxh7 Kxh7 14.
Qg3 Nd4 15. Qh3+ Kg8 16. Ng5 Nf6 17. Bd3 Nf5 18. g4 Nh6 19. fxe5 Nfxg4 20. Nce4 Qd4 21. Qh1 Qxe5 22. Bd2 Nf2 23. Qh4 Nxe4 24. Bxe4 Qxb2 25. Rd1 Qd4 26. Qh2 Qe5 27. Qh4 Bd7 28. Bb4 Bc6 29.
Bxf8 Qc3+ 30. Rd2 Rxf8 0-1

[Event "Late-Titled-Tuesday-Blitz-May-07-2024"]
[Site "Chess.com"]
[Date "2024.05.07"]
[Round "6"]
[White "jinxy2009"]
[Black "ExchangeAB"]
[Result "1-0"]
[WhiteElo "2296"]
[BlackElo "2407"]
[TimeControl "180+1"]
[EndTime "15:06:10 PDT"]
[Termination "jinxy2009 won by resignation"]

1. e4 c5 2. Nf3 d6 3. d4 cxd4 4.
Nxd4 Nf6 5. Nc3 a6 6. Rg1 e5 7.
Nb3 Be6 8. f4 Qc7 9. f5 Bc4 10.
g4 Bxf1 11. Rxf1 Nc6 12. g5 Nd7 13. Nd5 Qd8 14. Be3 Be7 15. f6 gxf6 16. Qf3 a5 17.
gxf6 Bf8 18. O-O-O a4 19. Nd2 Rg8 20. Nc4 b5 21.
Ncb6 Nxb6 22. Bxb6 Qb8 23. Nc7+ Kd8 24. Nxa8+ Kc8 25. Qf5+ Kb7 26. Qd7+ Kxa8 27. Qxc6+ Qb7 28. Qe8+ Qb8 29. Qxb5 Bh6+ 30. Kb1 Qb7 31. Qxa4+ Kb8 32. Rxd6 Rc8 33. Rfd1 Bf4 34. Bg1 Qc7 35. Rb6+ 1-0

[Event "Late-Titled-Tuesday-Blitz-May-07-2024"]
[Site "Chess.com"]
[Date "2024.05.07"]
[Round "6"]
[White "Oleksandr_Bortnyk"]
[Black "klimkoj"]
[Result "1-0"]
[WhiteElo "3080"]
[BlackElo "2957"]
[TimeControl "180+1"]
[EndTime "15:06:11 PDT"]
[Termination "Oleksandr_Bortnyk won by resignation"]

1. e4 c5 2. Be2 d5 3. d3 dxe4 4.
dxe4 Qxd1+ 5. Bxd1 Nc6 6. c3 Nf6 7. Bc2 g6 8. f4 Bg7 9. Nf3 Bg4 10. e5 Nd5 11. Be4 Bxf3 12. Bxf3 O-O-O 13. O-O f5 14. Na3 Nc7 15. Bxc6 bxc6 16. Be3 Ne6 17. Nc4 h6 18. h4 Kc7 19. a4 Rd3 20. Kf2 g5 21.
Ke2 Rd5 22. g3 gxh4 23. gxh4 h5 24. Rg1 Bh6 25. Raf1 Rdd8 26. Rg6 Nf8 27. Rg3 Ne6 28. Rg6 Nf8 29. Rxh6 Rxh6 30. Bxc5 Rh7 31. Bxa7 Ra8 32. Bb6+ Kb7 33. a5 Rg7 34. Kf3 Ne6 35. Ne3 Rg4 36.
Nxg4 hxg4+ 37. Ke3 Rh8 38. Rd1 Rxh4 39. Rd7+ Ka6 40. c4 Rh3+ 41. Kf2 g3+ 42. Kg1 1-0

[Event "Late-Titled-Tuesday-Blitz-May-07-2024"]
[Site "Chess.com"]
[Date "2024.05.07"]
[Round "6"]
[White "Adar_07"]
[Black "imdvb6307"]
[Result "1-0"]
[WhiteElo "2725"]
[BlackElo "2503"]
[TimeControl "180+1"]
[EndTime "15:06:11 PDT"]
[Termination "Adar_07 won by resignation"]

1. d3 d5 2. Nd2 e5 3. e4 c6 4. Ngf3 Bd6 5. c3 Ne7 6. g3 O-O 7. Bg2 Bg4 8. O-O Nd7 9. Re1 f6 10. b4 a5 11. Rb1 axb4 12. cxb4 d4 13. b5 Nc5 14. bxc6 bxc6 15. Nb3 Na4 16. Bd2 c5 17. Qc2 Nc6 18. Rec1 Be6 19. Nh4 g6 20. Rf1 Nb4 21.
Bxb4 cxb4 22. f4 Nc3 23. Rb2 exf4 24. gxf4 f5 25. exf5 Qxh4 26. fxe6 Rac8 27. Qf2 Rxf4 28. Qxh4 Rxh4 29. h3 Bf4 30. Kh1 Be3 31. Na5 Re8 32. Rxb4 Rh5 33. Nc6 Rxe6 34. Nxd4 Bxd4 35. Rxd4 Kg7 36.
Rd7+ Kh6 37. Rff7 Kg5 38. d4 Ne2 39. d5 Re3 40. Rde7 Rxe7 41. Rxe7 Nf4 42. d6 Kf6 43.
Re8 Nxg2 44. d7 Rd5 45. d8=Q+ Rxd8 46. Rxd8 Nf4 47. a4 Nxh3 48. a5 Nf2+ 49. Kg2 Ng4 50. a6 Ke7 51. Rh8 1-0

[Event "Late-Titled-Tuesday-Blitz-May-07-2024"]
[Site "Chess.com"]
[Date "2024.05.07"]
[Round "6"]
[White "FredddieCroderg"]
[Black "Statham_01"]
[Result "0-1"]
[WhiteElo "2411"]
[BlackElo "2633"]
[TimeControl "180+1"]
[EndTime "15:06:13 PDT"]
[Termination "Statham_01 won by resignation"]

1. e4 e5 2. Qf3 Nc6 3. Bc4 Nf6 4. d3 Nd4 5. Qd1 d5 6. Bb3 Bg4 7. f3 Be6 8. Nc3 dxe4 9. fxe4 Bxb3 10. axb3 Bc5 11.
Nf3 O-O 12. Bg5 c6 13. Rf1 Be7 14. Nxe5 Nxe4 15. Bxe7 Qxe7 16. Nxe4 Qxe5 17. c3 Ne6 18. Qe2 Rfe8 19. O-O-O Nc5 20. Kc2 f5 21. b4 Nd7 22.
Qf3 fxe4 23. Qf7+ Kh8 24. Qxd7 Rad8 25. Qf5 exd3+ 26. Rxd3 Qe2+ 27. Kb3 Qxd3 28. Qf7 Qd5+ 29. Qxd5 cxd5 30. Rf7 Rb8 31. Ka4 Rf8 32. Rd7 Rfd8 33. Re7 h6 34. Ka5 d4 35. cxd4 Rd5+ 36. b5 a6 37. Kb6 Rxb5+ 38. Ka7 Rd8 39. b4 Rxb4 40. d5 Rxd5 41. g4 Rxg4 0-1

[Event "Late-Titled-Tuesday-Blitz-May-07-2024"]
[Site "Chess.com"]
[Date "2024.05.07"]
[Round "6"]
[White "tolimachess"]
[Black "PawnEatingZombie"]
[Result "0-1"]
[WhiteElo "2409"]
[BlackElo "2266"]
[TimeControl "180+1"]
[EndTime "15:06:14 PDT"]
[Termination "PawnEatingZombie won by checkmate"]

1. e4 c5 2. Nf3 Nc6 3. d4 cxd4 4. Nxd4 e5 5. Nb5 d6 6. c4 Be6 7. N1c3 a6 8. Na3 Nf6 9. Be2 g6 10. h4 h5 11. O-O Bg7 12. Nc2 O-O 13. b4 Rc8 14.
Be3 Ng4 15. Bg5 f6 16. Bd2 Nd4 17. Nd5 Bxd5 18. exd5 Nxe2+ 19. Qxe2 f5 20. f3 Qxh4 21. fxg4 hxg4 22. Ne1 e4 23. g3 Qxg3+ 24. Qg2 Bd4+ 25. Kh1 Qh4+ 26. Qh2 Qxh2+ 27. Kxh2 Bxa1 28. Ng2 Be5+ 29. Bf4 Rxc4 30. Bxe5 dxe5 31. Rd1 Rd8 32. d6 Rc6 33. Rd5 Rcxd6 34. Rxe5 Kf7 35. Nf4 Rd2+ 36. Kg3 R8d3+ 37. Kh4 g3 38. Re6 Rh2+ 39. Kg5 g2 40. Rf6+ Ke8 41. Kxg6 g1=Q+ 42. Kxf5 Rf3 43. Ke5 Rxf4 44. Rxf4 e3 45. Rc4 e2 46. Kf6 e1=Q 47. Rc8+ Kd7 48. b5 Qgf1+ 49.
Kg7 Qg3# 0-1

[Event "Late-Titled-Tuesday-Blitz-May-07-2024"]
[Site "Chess.com"]
[Date "2024.05.07"]
[Round "6"]
[White "kalxandria"]
[Black "stregachess"]
[Result "1-0"]
[WhiteElo "2233"]
[BlackElo "2014"]
[TimeControl "180+1"]
[EndTime "15:06:14 PDT"]
[Termination "kalxandria won on time"]

1. e4 c5 2. Nf3 d6 3. d4 cxd4 4. Nxd4 Nf6 5. Nc3 g6 6. Be3 Bg7 7. f3 O-O 8. Qd2 Nc6 9. g4 Bxg4 10. fxg4 Nxg4 11. Nb3 h5 12. Be2 Nxe3 13. Qxe3 Rc8 14. O-O-O Kh7 15. Kb1 Ne5 16. Nd5 Nc4 17. Bxc4 Rxc4 18.
Qxa7 Rxe4 19. Qxb7 e6 20. Nc3 Rc4 21. Rd3 Qf6 22. a4 Rfc8 23. Nd2 Rxc3 24. Ne4 Rxc2 25. Nxf6+ Bxf6 26. Rb3 R8c7 27. Qf3 Bg7 28. a5 d5 29. a6 R2c4 30. Rb7 Rxb7 31. axb7 Rb4 32. b3 Rxb7 33. Rc1 Re7 34. Rc6 d4 35. Kc2 e5 36. Qe4 1-0

[Event "Late-Titled-Tuesday-Blitz-May-07-2024"]
[Site "Chess.com"]
[Date "2024.05.07"]
[Round "6"]
[White "Licancabur"]
[Black "NCchamp"]
[Result "1-0"]
[WhiteElo "2492"]
[BlackElo "2266"]
[TimeControl "180+1"]
[EndTime "15:06:15 PDT"]
[Termination "Licancabur won on time"]

1. f4 d5 2. Nf3 g6 3. g3 Bg7 4. Bg2 Nf6 5. O-O O-O 6. d3 c5 7. Nc3 Nc6 8. e4 d4 9. Ne2 Qc7 10. h3 Rd8 11. g4 b5 12. a4 bxa4 13. Rxa4 Bb7 14. Bd2 a5 15. Be1 Nb4 16. Nd2 Bc6 17.
Ra3 Bb5 18. Bg3 Qb6 19. f5 Rac8 20. b3 Nd7 21. Nf3 e5 22. Qd2 f6 23. g5 gxf5 24.
exf5 Nf8 25. Bh4 Rd6 26. Ng3 Nd5 27. Ne4 Rdc6 28. Qxa5 fxg5 29. Nfxg5 Ne3 30. Rf2 Qxa5 31. Rxa5 Bh6 32. Rxb5 Nd7 33. Ne6 Nf6 34. Nxf6+ Kh8 35. Nd7 1-0

[Event "Late-Titled-Tuesday-Blitz-May-07-2024"]
[Site "Chess.com"]
[Date "2024.05.07"]
[Round "6"]
[White "Reyson01"]
[Black "LeninGuerra"]
[Result "1-0"]
[WhiteElo "2524"]
[BlackElo "2654"]
[TimeControl "180+1"]
[EndTime "15:06:16 PDT"]
[Termination "Reyson01 won by checkmate"]

1. e4 c5 2. Nf3 e6 3. d4 cxd4 4. Nxd4 Nc6 5. Nc3 Qc7 6. Be3 a6 7. Qf3 Nxd4 8. Bxd4 Ne7 9. Qg3 Qxg3 10. hxg3 b5 11. Bxb5 axb5 12. Nxb5 Rb8 13. Nd6+ Kd8 14. Nxf7+ Ke8 15. Nxh8 h6 16. a4 Rb4 17. Bc5 Rxb2 18.
Kd2 Rb7 19. a5 Rc7 20. Bb6 Rc6 21. a6 Bxa6 22. Rxa6 Nc8 23. Rb1 Bc5 24. Bxc5 Rxa6 25. Rb8 Rc6 26. Bb4 Kd8 27. Nf7+ Kc7 28. Rb5 d6 29.
Ba5+ Kd7 30. e5 d5 31. Rb7+ Ke8 32. Nd6+ Nxd6 33. exd6 Rxd6 34. Rxg7 e5 35. Bb4 Rf6 36. f3 Re6 37. Ke3 e4 38. f4 Rc6 39. c3 Ra6 40.
Re7+ Kd8 41. Re5 Rg6 42. Rxd5+ Kc7 43. Kf2 Kc6 44. Re5 h5 45. Rxe4 Kb5 46. f5 Rf6 47. Rf4 Kb6 48. Be7 Rf7 49. f6 Kc6 50. Rd4 Rh7 51.
Rd8 Rf7 52. Rf8 Rh7 53. f7 Kd7 54. Rd8+ Kxe7 55. f8=Q+ Ke6 56. Qd6+ Kf5 57. Rf8+ Kg4 58. Qf4# 1-0

[Event "Late-Titled-Tuesday-Blitz-May-07-2024"]
[Site "Chess.com"]
[Date "2024.05.07"]
[Round "6"]
[White "nabukatnezarr"]
[Black "Onthequiet"]
[Result "1-0"]
[WhiteElo "2592"]
[BlackElo "2393"]
[TimeControl "180+1"]
[EndTime "15:06:17 PDT"]
[Termination "nabukatnezarr won by resignation"]

1. e4 c6 2. Nc3 d5 3. Nf3 dxe4 4.
Nxe4 Nf6 5. Bd3 Bg4 6. h3 Bxf3 7. Qxf3 Nbd7 8. Nxf6+ Nxf6 9. O-O g6 10. c3 Bg7 11.
Bc2 O-O 12. d4 Qd5 13. Qxd5 cxd5 14. Re1 e6 15. Bf4 Rfc8 16. a4 b6 17. Bd3 a6 18.
f3 Ne8 19. Kf2 Bf8 20. g4 Nd6 21. h4 Nc4 22. Ra2 Bd6 23. Bh6 Be7 24. Kg3 Bd6+ 25. Kh3 Bf8 26. Bg5 Kg7 27. Rea1 h6 28. Bf4 Bd6 29.
Bxc4 Bxf4 30. Bd3 f6 31. Re1 e5 32. h5 g5 33. Bg6 Rc7 34. Ra3 Rb8 35. Rb3 b5 36. Bd3 Rcb7 37. axb5 axb5 38. Ra1 Be3 39. dxe5 fxe5 40. Ra6 b4 41. Rg6+ Kf8 42. Rxh6 bxc3 43. Rh8+ Kg7 44. Rxb8 1-0

[Event "Late-Titled-Tuesday-Blitz-May-07-2024"]
[Site "Chess.com"]
[Date "2024.05.07"]
[Round "6"]
[White "gmcorrales"]
[Black "yaguigor"]
[Result "1-0"]
[WhiteElo "2874"]
[BlackElo "2590"]
[TimeControl "180+1"]
[EndTime "15:06:20 PDT"]
[Termination "gmcorrales won by resignation"]

1. e4 c5 2. Nf3 Nc6 3. d4 cxd4 4. Nxd4 Nf6 5. Nc3 e5 6. Ndb5 d6 7. Bg5 a6 8. Bxf6 gxf6 9. Na3 b5 10. Nd5 Bg7 11. Bd3 Ne7 12. Nxe7 Qxe7 13. c3 f5 14. Nc2 O-O 15. Ne3 f4 16. Nd5 Qg5 17.
g3 Be6 18. gxf4 exf4 19. Qf3 Bxd5 20. exd5 Rfe8+ 21. Kf1 Rab8 22. a3 a5 23. Rg1 Qf6 24. Rg4 b4 25. axb4 axb4 26. Rxf4 Qh6 27. Rxf7 bxc3 28. Raa7 Qc1+ 29. Kg2 Qg5+ 30. Qg3 Qxd5+ 31. Rf3 Qe5 32. bxc3 Kh8 33. Qh4 h6 34. Rf5 Qe6 35. Rxg7 Kxg7 36. Qd4+ 1-0

[Event "Late-Titled-Tuesday-Blitz-May-07-2024"]
[Site "Chess.com"]
[Date "2024.05.07"]
[Round "6"]
[White "Hasangatin_Ramil"]
[Black "KaydenTroffChess"]
[Result "0-1"]
[WhiteElo "2681"]
[BlackElo "2874"]
[TimeControl "180+1"]
[EndTime "15:06:21 PDT"]
[Termination "KaydenTroffChess won by resignation"]

1. e4 c5 2. Nf3 g6 3. Bc4 Bg7 4. O-O e6 5. d4 cxd4 6. Nxd4 a6 7. c3 Ne7 8. Bb3 O-O 9. Re1 Nbc6 10. Be3 d5 11.
Nd2 Nxd4 12. Bxd4 Bxd4 13. cxd4 Bd7 14. e5 Rc8 15. Nf3 Bb5 16. Qd2 Bc4 17. Bc2 Kg7 18.
b3 Bb5 19. a4 Bd7 20. Bd3 h6 21. b4 Rc7 22. h4 Nf5 23. b5 axb5 24. axb5 Nxh4 25. Nh2 Qg5 26. Qxg5 hxg5 27. Ra7 Rb8 28. Ng4 Nf5 29. Bxf5 gxf5 30. Nf6 Bxb5 31. g4 fxg4 32. Nxg4 Bd3 33. Nf6 Rc4 34. Rd1 Be2 35. Rd2 Bf3 36. Kh2 Rh8+ 37. Kg3 Rc3 38. Rxb7 Bh1+ 39. Kg4 Kg6 40.
f3 Rxf3 0-1

[Event "Late-Titled-Tuesday-Blitz-May-07-2024"]
[Site "Chess.com"]
[Date "2024.05.07"]
[Round "6"]
[White "LiemLe"]
[Black "Meri-Arabidze"]
[Result "1-0"]
[WhiteElo "3062"]
[BlackElo "2724"]
[TimeControl "180+1"]
[EndTime "15:06:21 PDT"]
[Termination "LiemLe won on time"]

1. Nf3 d5 2. e3 Nf6 3. c4 e6 4. Nc3 c5 5. d4 Nc6 6. a3 a6 7. dxc5 Bxc5 8. b4 Ba7 9. Bb2 O-O 10. Qc2 dxc4 11. Bxc4 b5 12. Bd3 Bb7 13. Ne4 Nxe4 14.
Bxe4 h6 15. Bxc6 Rc8 16. Ne5 Bb8 17. Qe4 f5 18. Qf3 Bxe5 19. Bxb7 Bxb2 20. Bxc8 Bxa1 21.
Bxe6+ Kh8 22. O-O Bb2 23. Bxf5 Bxa3 24. Qg4 Qf6 25. Bb1 Rd8 26. h4 g6 27. g3 Bb2 28.
Bxg6 Rg8 29. h5 Be5 30. Qe4 Bd6 31. Rd1 Bf8 32. Rd7 Bg7 33. Rf7 Qa1+ 34. Kg2 Rf8 35. Ra7 Qf6 36. f4 1-0